 Dungeon Crawl Stone Soup version 0.19.4-9-g45fd643 (webtiles) character file.

657 Maelstr0m the Shield-Bearer (level 7, 56/56 HPs)
             Began as a Formicid Fighter on Feb 22, 2017.
             Quit the game on level 5 of the Dungeon.
             The game lasted 00:13:06 (3163 turns).

Maelstr0m the Shield-Bearer (Formicid Fighter)      Turns: 3163, Time: 00:13:07

Health: 56/56      AC:  8    Str: 18 (19) XL:     7   Next: 85%
Magic:  16/16      EV:  9    Int:  5 (8)  God:
Gold:   123        SH:  9    Dex:  7 (9)  Spells: 0 memorised, 6 levels left

rFire  + . .     SeeInvis +     a - +0 war axe
rCold  . . .     Gourm    .     u - +2 ring mail {rF+}
rNeg   + . .     Faith    .     c - +0 shield
rPois  +         Spirit   .     (helmet unavailable)
rElec  .         Reflect  .     (no cloak)
rCorr  .         Harm     .     C - +0 pair of gloves
MR     +....                    G - +0 pair of boots
Stlth  ..........               (no amulet)
                                p - ring of positive energy
                                h - ring of magical power

@: flying, very slightly contaminated
A: permanent stasis, dig shafts and tunnels, four strong arms, antennae 3, beak,
clumsy 1, deformed body, high mp 1, magic resistance 1, poison resistance, weak
1
a: Dig, Shaft Self


You were on level 5 of the Dungeon.
You were hungry.

You visited 1 branch of the dungeon, and saw 5 of its levels.

You collected 227 gold pieces.
You spent 104 gold pieces at shops.

Inventory:

Hand Weapons
 a - a +0 war axe (weapon)
Missiles
 D - 8 poisoned tomahawks (quivered)
Armour
 c - a +0 shield (worn)
 u - a +2 ring mail of fire resistance (worn)
 C - a +0 pair of gloves (worn)
 G - a +0 pair of boots (worn)
Jewellery
 h - a ring of magical power (left hand)
 m - an uncursed ring of wizardry
 p - a ring of positive energy (right hand)
Wands
 r - a wand of lightning (10/15)
Scrolls
 b - a scroll of recharging {unknown}
 e - 2 scrolls of teleportation {unknown}
 g - 9 scrolls of identify {unknown}
 k - a scroll of amnesia {unknown}
 o - 2 scrolls of immolation {unknown}
 t - a scroll of blinking {unknown}
 y - a scroll of magic mapping {unknown}
 z - 3 scrolls of remove curse {unknown}
Potions
 d - 3 potions of might
 l - 2 potions of curing
 x - 2 potions of haste
 A - a potion of brilliance
Comestibles
 f - 3 bread rations
 j - 4 fruits
 n - a royal jelly
 v - a beef jerky


   Skills:
 + Level 5.1 Fighting
 * Level 5.3 Axes
 + Level 5.0 Armour
 + Level 5.5 Shields


You had 6 spell levels left.
You didn't know any spells.

Dungeon Overview and Level Annotations

Branches:
Dungeon (5/15)
 Temple: D:4-7

Altars:
Cheibriados
Dithmenos
Nemelex Xobeh
Ru
Trog
Vehumet
Yredelemnul

Shops:
D:4 *


Innate Abilities, Weirdness & Mutations

You are under a permanent stasis effect.
You can dig through walls and to a lower floor.
Your four strong arms can wield two-handed weapons with a shield.
You have a pair of large antennae on your head. (SInv)
You have a beak for a mouth.
You are clumsy. (Dex -2)
Armour fits poorly on your strangely shaped body.
You have an increased reservoir of magic. (+10% MP)
You are resistant to hostile enchantments. (MR+)
Your system is resistant to poisons. (rPois)
You are weak. (Str -2)


Message History

Your transformation is almost over.
You start waiting.
You feel less woody.
Your +0 pair of gloves unmelds from your body.
Your +0 pair of boots unmelds from your body.
Your +2 ring mail of fire resistance unmelds from your body.
You feel resistant to fire.
You start waiting.
You feel a little less clever now.
You start waiting.
You feel a little less agile now.
It was a potion of flight.
You feel very buoyant.
You fly up into the air.
It was a potion of curing.
You feel better.
It was a potion of degeneration.
There was something very wrong with that liquid.
You feel weakened.
You feel dopey.
You feel clumsy.
Unknown command.
Are you sure you want to abandon this character and quit the game? (Confirm with "yes".)

.##
#........##
#.......##
#.......#
#.......#
#....>..#
........##
.##......###
##.......###
##.....@..#
#....###..#
#.....# ....
#....## ..##
#...(## ##
#...# ...#


There were no monsters in sight!

Vanquished Creatures
  Grinder (D:3)
  2 sky beasts (D:5)
  An iguana (D:4)
  Terence (D:3)
  Ijyb (D:3)
  An orc wizard (D:3)
  2 worker ants
  4 adders
  An adder skeleton (D:3)
  2 worms
  2 dart slugs
  3 leopard geckos
  5 orcs
  8 bats
  3 giant cockroaches
  10 goblins
  10 hobgoblins
  7 jackals
  2 kobolds
  A quokka (D:3)
  2 ball pythons (D:4)
  4 frilled lizards
  3 rats (D:1)
76 creatures vanquished.

Notes
Turn   | Place    | Note
-------+----------+-------------------------------------------
     0 | D:1      | Maelstr0m the Formicid Fighter began the quest for the Orb.
     0 | D:1      | Reached XP level 1. HP: 18/18 MP: 1/1
    27 | D:1      | Reached XP level 2. HP: 14/24 MP: 2/2
   378 | D:1      | Reached XP level 3. HP: 29/29 MP: 3/3
   923 | D:2      | Found a sacrificial altar of Ru.
  1024 | D:2      | Reached XP level 4. HP: 33/37 MP: 4/4
  1141 | D:2      | Found a shadowy altar of Dithmenos.
  1340 | D:3      | Noticed Terence
  1357 | D:3      | Killed Terence
  1357 | D:3      | Reached XP level 5. HP: 23/42 MP: 5/5
  1611 | D:3      | Noticed Grinder
  1627 | D:3      | Killed Grinder
  1627 | D:3      | Reached skill level 5 in Shields
  1627 | D:3      | Reached XP level 6. HP: 42/49 MP: 6/6
  1713 | D:3      | Noticed Ijyb
  1720 | D:3      | Killed Ijyb
  1852 | D:3      | Found a faded altar of an unknown god.
  1978 | D:3      | Reached XP level 7. HP: 55/55 MP: 7/7
  2028 | D:3      | Found a basalt altar of Yredelemnul.
  2311 | D:4      | Found a sparkling altar of Nemelex Xobeh.
  2352 | D:4      | Found a radiant altar of Vehumet.
  2518 | D:4      | Found a bloodstained altar of Trog.
  2554 | D:4      | Found Geloq's Serpentskin Sales.
  2587 | D:4      | Bought 2 poisoned tomahawks for 26 gold pieces
  2587 | D:4      | Bought 6 poisoned tomahawks for 78 gold pieces
  2745 | D:4      | Found a snail-covered altar of Cheibriados.
  2892 | D:5      | Entered Level 5 of the Dungeon
  2928 | D:5      | Reached skill level 5 in Fighting
  2928 | D:5      | Reached skill level 5 in Axes
  3067 | D:5      | Reached skill level 5 in Armour
  3100 | D:5      | Gained mutation: You have a beak for a mouth. [mutagenic meat]
  3101 | D:5      | Gained mutation: Armour fits poorly on your strangely shaped body. [mutagenic meat]
  3102 | D:5      | Gained mutation: Your system is resistant to poisons. (rPois) [mutagenic meat]
  3103 | D:5      | Gained mutation: You have an increased reservoir of magic. (+10% MP) [mutagenic meat]
  3104 | D:5      | Gained mutation: You are weak. (Str -2) [mutagenic meat]
  3105 | D:5      | Gained mutation: You are clumsy. (Dex -2) [mutagenic meat]
  3106 | D:5      | Gained mutation: You are resistant to hostile enchantments. (MR+) [mutagenic meat]
  3163 | D:5      | Quit the game

Skill      XL: |  1  2  3  4  5  6  7 |
---------------+----------------------+-----
Shields        | 4 5 |  5.5
Axes           | 3 4 5 |  5.3
Fighting       | 4 5 |  5.1
Armour         | 4 5 |  5.0

Action                   |  1- 3 |  4- 6 |  7- 9 || total
-------------------------+-------+-------+-------++-------
Melee: War axe           |    98 |    97 |    74 ||   269
  Use: Potion            |       |       |     9 ||     9
  Eat: Chunk             |       |     4 |    10 ||    14
Armor: Scale mail        |    51 |    21 |       ||    72
       Ring mail         |       |    19 |    26 ||    45
Dodge: Dodged            |    25 |    26 |    18 ||    69
Block: Shield            |    47 |    49 |    40 ||   136
